 Dungeon Crawl Stone Soup version 0.31-a0-788-ga445dbd2db (webtiles) character file.

Game seed: 13879419867539784459

533 Ijustatesigmund the Magician (level 7, 0/40 HPs)
             Began as a Deep Elf Fire Elementalist on Sept 18, 2023.
             Was an Initiate of Vehumet.
             Slain by a water moccasin (3 damage)
             ... on level 5 of the Dungeon.
             The game lasted 00:07:16 (4025 turns).

Ijustatesigmund the Magician (DEFE)                 Turns: 4025, Time: 00:07:17

Health: 0/40       AC:  3    Str:  3 (5)  XL:     7   Next: 4%
Magic:  17/17      EV: 12    Int: 22      God:    Vehumet [......]
Gold:   156        SH:  0    Dex: 14 (15) Spells: 10/17 levels left

rFire   . . .        c - +3 flail (holy)
rCold   . . .        (no shield)
rNeg    . . .        a - +0 robe
rPois   .            (no helmet)
rElec   .            f - +0 cloak
rCorr   .            (no gloves)
SInv    .            (no boots)
Will    ++...        l - amulet of magic regeneration
Stlth   ++           d - ring of willpower
HPRegen 0.26/turn    h - ring of willpower
MPRegen 0.55/turn

%: no passive effects
@: lethally poisoned (0 -> -10), about to teleport
A: no striking features
a: Renounce Religion


You were on level 5 of the Dungeon.
You worshipped Vehumet.
Vehumet was noncommittal.
You visited 2 branches of the dungeon, and saw 7 of its levels.

You collected 156 gold pieces.

Inventory:

Hand Weapons
 c - a +3 flail of holy wrath (weapon)
Armour
 a - a +0 robe (worn)
 f - a +0 cloak (worn)
Jewellery
 d - a ring of willpower (left hand)
 h - a ring of willpower (right hand)
 l - an amulet of magic regeneration (around neck)
Scrolls
 o - a scroll of vulnerability
Potions
 b - a potion of magic
 g - a potion of haste {unknown}
 i - a potion of brilliance
 k - 2 potions of cancellation
 n - a potion of curing {unknown}


   Skills:
 + Level 2.7 Fighting
 - Level 2.4 Dodging
 - Level 2.4 Stealth
 + Level 5.7 Spellcasting
 + Level 4.1 Conjurations
 + Level 5.2 Fire Magic


You had 10 spell levels left.
You knew the following spells:

 Your Spells              Type           Power      Damage    Failure   Level
a - Foxfire               Conj/Fire      100%       2x1d9     1%          1
b - Scorch                Fire           58%        2d7       1%          2
c - Flame Wave            Conj/Fire      26%        2d8       14%         4

Your spell library contained the following spells:

 Spells                   Type           Power      Damage    Failure   Level
 Inner Flame              Hex/Fire       17%        N/A       10%         3
 Volatile Blastmotes      Fire/Tloc      34%        2d12      10%         3


Dungeon Overview and Level Annotations

Branches:
Dungeon (6/15)             Temple (1/1) D:6

Altars:
Ashenzari
Fedhas
Hepliaklqana
Nemelex Xobeh
Okawaru
Qazlal
Ru
Vehumet
Wu Jian
Xom

Shops:
D:4 [(


Message History

The orc shouts! x2; You hear a shout!
The water moccasin hisses angrily.
You hear a shout!
An ogre and an orc wizard come into view.
The ogre shouts!
The orc wizard shouts!
An iguana comes into view.
The water moccasin attacks as it pursues you!
The water moccasin bites you.
You are poisoned.
The water moccasin poisons you!
You feel very sick.
You feel very sick. The water moccasin barely misses you.
You feel sick.
You feel sick.
The water moccasin attacks as it pursues you!
The water moccasin bites you.
You feel sick.
The water moccasin attacks as it pursues you!
The water moccasin closely misses you.
The water moccasin bites you but does no damage.
You feel sick.
Casting: Scorch (safe; 1% risk of failure)
Confirm with . or Enter, or press ? or * to list all spells.
You conjure some foxfire!
You feel sick.
The water moccasin bites you but does no damage.
You feel sick. The water moccasin closely misses you.
The water moccasin bites you!
* * * LOW HITPOINT WARNING * * *
You are lethally poisoned!
The water moccasin poisons you!
Your foxfire dissipates!
* * * LOW HITPOINT WARNING * * *
You feel very sick.
Okay, then.
As you read the scroll labelled OGOTHR NISHE, it crumbles to dust.
You feel strangely unstable.
It was a scroll of teleportation.
* * * LOW HITPOINT WARNING * * *
You feel very sick. The water moccasin bites you.
You die...

..O...O..#######.......##.###
########.##....#.......##.#
..............#.......##.###
..........l...#.......##....
..........#O###......†######
..........#.# #.............
..........#o# #######.#.###.
..........#S# #.#.....
..........#@# #.#.#...
###########.# #.#..... #.#
#######.###.#. #.# #.......#
#.#. #.# #.####### #...
#.###.# #### #.....# #######


You could see a water moccasin, an ogre, an iguana and an orc.

Vanquished Creatures
  Edmund (D:4)
  A bullfrog (D:5)
  A scorpion (D:6)
  A howler monkey (D:5)
  A hound (D:5)
  A sleepcap (D:4)
  Natasha (twice) (D:4)
  6 adders
  A white imp (D:6)
  A worm (D:3)
  5 dart slugs
  4 orcs
  6 ball pythons
  7 bats
  6 endoplasms
  3 giant cockroaches
  6 goblins
  9 hobgoblins
  5 jackals
  7 kobolds
  4 quokkas
  3 frilled lizards
  4 rats
85 creatures vanquished.

Vanquished Creatures (others)
  259 foxfires
259 creatures vanquished.

Grand Total: 344 creatures vanquished

Notes
Turn   | Place    | Note
-------+----------+-------------------------------------------
     0 | D:1      | Ijustatesigmund the Deep Elf Fire Elementalist began the
                  | quest for the Orb.
     0 | D:1      | Reached XP level 1. HP: 10/10 MP: 6/6
   176 | D:1      | Reached XP level 2. HP: 16/16 MP: 5/8
   179 | D:1      | Learned a level 2 spell: Scorch
   765 | D:1      | Reached XP level 3. HP: 20/20 MP: 7/10
  1074 | D:2      | Reached skill level 1 in Fighting
  1355 | D:2      | Reached XP level 4. HP: 25/25 MP: 6/11
  1360 | D:2      | Learned a level 4 spell: Flame Wave
  2828 | D:3      | Found a faded altar of an unknown god.
  2936 | D:4      | Found Zecizim's Antique Weapon Shoppe.
  3001 | D:4      | Noticed Edmund
  3019 | D:4      | Killed Edmund
  3020 | D:4      | Reached XP level 5. HP: 21/30 MP: 8/14
  3110 | D:4      | Noticed Natasha
  3111 | D:4      | Reached skill level 5 in Spellcasting
  3111 | D:4      | Reached XP level 6. HP: 6/35 MP: 12/15
  3118 | D:4      | Killed Natasha
  3352 | D:4      | Found Poege's Armour Shoppe.
  3485 | D:4      | Noticed Natasha
  3492 | D:4      | Killed Natasha
  3505 | D:4      | You fall into a shaft and drop 2 floors!
  3513 | D:6      | Found a staircase to the Ecumenical Temple.
  3522 | Temple   | Entered the Ecumenical Temple
  3540 | Temple   | Became a worshipper of Vehumet
  3577 | D:6      | Noticed an ice beast
  3635 | D:5      | Entered Level 5 of the Dungeon
  3661 | D:5      | Reached skill level 5 in Fire Magic
  3744 | D:5      | Found a blossoming altar of Fedhas.
  3799 | D:5      | Found a stormy altar of Qazlal.
  3799 | D:5      | Found a sparkling altar of Nemelex Xobeh.
  3949 | D:5      | Reached XP level 7. HP: 40/40 MP: 14/17
  4025 | D:5      | Slain by a water moccasin

Illustrated notes

Levels and vault maps discovered:
D:1:      dpeg_arrival_tiny_h, layout_loops_ring, corner_web_ring,
          hangedman_abyss_or_decor_stabs
D:2:      layout_rooms, minmay_box_of_dots
D:3:      layout_rooms, chequers_ecumenical_altar_twisty
D:4:      layout_loops_ring, ebering_ghost_rock_garden, serial_shops,
          nicolae_shop_hallway_stairs, shop, nicolae_shop_just_a_little_nook,
          nicolae_lakefront_shop, shop, kennysheep_generic_room_14,
          uniq_natasha, uniq_edmund
D:5:      layout_basic, fedhas_ov_isle_minmay, mainiacjoe_overflow_divided_tiny
D:6:      layout_basic, minmay_temple_entry_slanted
Temple:   hellmonk_temple_of_storms

Skill      XL: |  1  2  3  4  5  6 |
---------------+-------------------+-----
Conjurations   | 2 3 4 |  4.1
Fighting       | 1 2 |  2.7
Spellcasting   | 4 5 |  5.7
Fire Magic     | 4 5 |  5.2
Dodging        | |  2.4
Stealth        | |  2.4

Action                     |  1- 3 |  4- 6 |  7- 9 || total
---------------------------+-------+-------+-------++-------
  Melee: Dagger            |     2 |       |       ||     2
         Punch             |     1 |       |       ||     1
         Short sword       |       |    10 |       ||    10
         Lajatang          |       |     6 |       ||     6
   Cast: Foxfire           |    68 |    85 |     1 ||   154
         Scorch            |     3 |    25 |       ||    28
    Use: Scroll            |       |     6 |     1 ||     7
         Potion            |       |     4 |       ||     4
   Stab: Sleeping          |     1 |     1 |       ||     2
 Armour: Robe              |     8 |    35 |     6 ||    49
  Dodge: Dodged            |    25 |    42 |     3 ||    70

Table legend: (Time is in decaauts)
 A = Elapsed time spent in this place.
 B = Non-inter-level travel time spent in this place.
 C = Inter-level travel time spent in this place.
 D = Time resting spent in this place.
 E = Time spent auto-exploring this place.
 F = Levels seen in this place.
 G = Mean time per level.
                   A        B        C        D        E       F      G
               +--------+--------+--------+--------+--------+-----+--------+
         Total |   4024 |   3912 |    112 |    741 |   2454 |   7 |  574.9 |
       Dungeon |   3986 |   3875 |    111 |    741 |   2454 |   6 |  664.3 |
        Temple |     37 |     37 |      0 |      0 |      0 |   1 |   37.0 |
               +--------+--------+--------+--------+--------+-----+--------+

Top non-repeatable levels by time:
     D:1: 1064 daAuts
     D:2: 941 daAuts
     D:3: 931 daAuts
     D:4: 568 daAuts
     D:5: 389 daAuts
     D:6: 92 daAuts
  Temple: 37 daAuts
